 Dungeon Crawl Stone Soup version 0.23.1 (webtiles) character file.

Game seed: 12520416865635546377

950 Kisielow the Changer (level 8, -1/60 HPs)
             Began as a Merfolk Transmuter on Mar 13, 2019.
             Slain by an orc
             ... wielding a +0 mace
              (3 damage)
             ... on level 4 of the Dungeon.
             The game lasted 00:09:55 (4695 turns).

Kisielow the Changer (Merfolk Transmuter)           Turns: 4695, Time: 00:09:55

Health: -1/60      AC:  2    Str: 10    XL:     8   Next: 13%
Magic:  19/20      EV: 24    Int: 15    God:
Gold:   305        SH:  2    Dex: 19    Spells: 8/11 levels left

rFire    + . .     SeeInvis .     - Unarmed
rCold    x . .     Gourm    .   (shield currently unavailable)
rNeg     . . .     Faith    .   (armour currently unavailable)
rPois    x         Spirit   .   (helmet currently unavailable)
rElec    .         Reflect  +   (cloak currently unavailable)
rCorr    .         Harm     .   (gloves currently unavailable)
MR       .....                  (boots currently unavailable)
Stlth    ++........             g - +2 amulet of reflection
HPRegen  0.20/turn              f - ring of magical power
MPRegen  0.17/turn              r - ring of fire

@: spider-form
A: tiny, (change form in water), (swift swim), (stealthy swim)
a: End Transformation


You were on level 4 of the Dungeon.
You were very hungry.
You were a venomous arachnid creature.
You visited 1 branch of the dungeon, and saw 4 of its levels.
You also visited: Sewer.

You collected 305 gold pieces.

Inventory:

Missiles
 e - 4 tomahawks
 l - 2 poisoned javelins (quivered)
Armour
 b - a +0 robe (melded)
 u - the +5 ring mail of the Gardener {rC- MR++ Slay+5, unknown}
   (You found it on level 4 of the Dungeon)

   It affects your accuracy and damage with ranged weapons and melee attacks
   (+5).
   It makes you vulnerable to cold.
   It affects your resistance to hostile enchantments.
Jewellery
 f - a ring of magical power (left front leg)
 g - a +2 amulet of reflection (around neck)
 r - a ring of fire (right front leg)
Wands
 s - a wand of iceblast (7)
 t - a wand of flame (13)
Scrolls
 a - a scroll of fear {unknown}
 c - 8 scrolls of remove curse
 h - 4 scrolls of teleportation
 j - 3 scrolls of identify
Potions
 i - 4 potions of curing
 k - a potion of mutation {unknown}
 m - a potion of magic {unknown}
 n - 2 potions of might
 o - 4 potions of flight
 p - a potion of lignification {unknown}
 q - a potion of haste {unknown}
Comestibles
 d - 11 rations


   Skills:
 + Level 3.8 Fighting
 + Level 5.2 Dodging
 * Level 7.0 Unarmed Combat
 - Level 2.0 Spellcasting
 - Level 7.1 Transmutations


You had 8 spell levels left.
You knew the following spells:

 Your Spells              Type           Power        Failure   Level  Hunger
q - Spider Form           Tmut/Pois      ##........   34%         3    ###....

Your spell library contained the following spells:

 Spells                   Type           Power        Failure   Level  Hunger
 Beastly Appendage        Tmut           ###...       6%          1    #......
 Sticks to Snakes         Tmut           ###.....     8%          2    ###....
 Blade Hands              Tmut           ###.......   54%         5    ######.
 Ice Form                 Ice/Tmut       ##......     67%         4    #####..


Dungeon Overview and Level Annotations

Branches:
Dungeon (4/15)
 Temple: D:4-7

Altars:


Message History

The orc warrior is almost dead.
You kill the orc warrior!
Your Unarmed Combat skill increases to level 7!
The orc completely misses you.
Unknown command.
You are too injured to fight recklessly!
You are too injured to fight recklessly!
You hit the orc but do no damage. The orc barely misses you.
You hit the orc.
The orc is poisoned.
The orc is moderately wounded.
The orc hits you with a +0 mace.
* * * LOW HITPOINT WARNING * * *
You hit the orc.
You kill the orc!
The orc hits you with a +0 club.
* * * LOW HITPOINT WARNING * * *
The orc hits you with a +0 mace!
* * * LOW HITPOINT WARNING * * *
The orc hits you with a +0 mace.
You die...

## ## #.##.. ####
....... ##... .....#
#....##....#
##......>...#
#...........# #.so...#
.. #.#o).## ... ####.##
#..# # ##...##.... #.
♣## ###..........
#.♣♣♣♣♣.# #............
#.....#..##......p.....
##........$.....##...#.
##..#...##.(...#.#....#


You could see 2 orcs and a neutral freed slave (wandering).

Vanquished Creatures
  Pikel (D:4)
  Purgy (Sewer)
  An orc warrior (D:4)
  A bullfrog (D:4)
  2 orc wizards
  Ijyb (D:4)
  Robin (D:2)
  5 adders
  2 oozes
  A worm (D:3)
  3 dart slugs
  7 leopard geckos (D:3)
  6 orcs
  2 ball pythons
  4 giant cockroaches
  11 hobgoblins
  2 quokkas
  11 bats
  12 frilled lizards
  15 goblins
  8 kobolds
  10 rats
107 creatures vanquished.

Vanquished Creatures (others)
  2 orcs (D:4)
2 creatures vanquished.

Grand Total: 109 creatures vanquished

Notes
Turn   | Place    | Note
-------+----------+-------------------------------------------
     0 | D:1      | Kisielow the Merfolk Transmuter began the quest for the
                  | Orb.
     0 | D:1      | Reached XP level 1. HP: 15/15 MP: 3/3
   213 | D:1      | Reached XP level 2. HP: 11/21 MP: 5/5
   859 | D:1      | Reached XP level 3. HP: 25/26 MP: 6/6
   864 | D:1      | Learned a level 3 spell: Spider Form
  1685 | D:2      | Reached XP level 4. HP: 16/32 MP: 7/7
  2280 | D:2      | Noticed Robin
  2290 | D:2      | Killed Robin
  2290 | D:2      | Reached skill level 5 in Transmutations
  2647 | D:3      | Reached XP level 5. HP: 37/37 MP: 8/8
  2783 | D:3      | Found a glowing drain.
  3006 | Sewer    | Entered a sewer
  3061 | Sewer    | Noticed Purgy
  3137 | Sewer    | Killed Purgy
  3137 | Sewer    | Reached XP level 6. HP: 28/43 MP: 9/9
  4116 | D:4      | Noticed Ijyb
  4127 | D:4      | Killed Ijyb
  4127 | D:4      | Reached skill level 5 in Unarmed Combat
  4427 | D:4      | Noticed a slave
  4427 | D:4      | Noticed a slave
  4427 | D:4      | Noticed a slave
  4429 | D:4      | Noticed Pikel
  4445 | D:4      | Noticed a slave
  4457 | D:4      | Killed Pikel
  4457 | D:4      | Reached XP level 7. HP: 19/52 MP: 10/10
  4666 | D:4      | Got a polished ring mail
  4682 | D:4      | Reached skill level 5 in Dodging
  4682 | D:4      | Reached XP level 8. HP: 43/58 MP: 11/11
  4694 | D:4      | HP: 2/60 [orc/+0 mace (7)]
  4695 | D:4      | Slain by an orc

Skill      XL: |  1  2  3  4  5  6  7  8 |
---------------+-------------------------+-----
Unarmed Combat | 4 6 7 |  7.0
Transmutations | 4 5 7 |  7.1
Dodging        | 4 5 |  5.2
Fighting       | 3 |  3.8
Spellcasting   | |  2.0

Action                   |  1- 3 |  4- 6 |  7- 9 || total
-------------------------+-------+-------+-------++-------
Melee: Unarmed           |   128 |   210 |    19 ||   357
       Headbutt          |     8 |       |       ||     8
       Punch             |     2 |     2 |       ||     4
       Tailslap          |       |     6 |       ||     6
Throw: Javelin           |       |     3 |       ||     3
       Tomahawk          |       |     4 |       ||     4
 Cast: Beastly Appendage |     6 |       |       ||     6
       Spider Form       |       |    13 |     1 ||    14
  Use: Scroll            |       |     8 |       ||     8
       Potion            |       |     5 |       ||     5
 Stab: Sleeping          |     1 |       |       ||     1
  Eat: Chunk             |     2 |    11 |       ||    13
Armor: Robe              |    23 |    15 |       ||    38
       Skin              |       |     4 |     1 ||     5
Dodge: Dodged            |   103 |   197 |    31 ||   331
Block: Other             |       |    23 |     1 ||    24
